 Dungeon Crawl Stone Soup version 0.31-a0-544-gceb718ecc6 (webtiles) character file.

Game seed: 13396231224976359663

11564 lunkers the Brawler (level 12, -10/127 HPs)
             Began as a Meteoran Shapeshifter on Aug 15, 2023.
             Was a Believer of Ru.
             Mangled by an enormous slime creature (30 damage)
             ... in an ice cave.
             The game lasted 00:18:29 (4980 turns).

lunkers the Brawler (Meteoran Shapeshifter)         Turns: 4980, Time: 00:18:30

Health: -10/127    AC:  9    Str: 31    XL:     12   Next: 36%
Magic:  9/13       EV: 20    Int: 10    God:    Ru [**....]
Gold:   507        SH:  0    Dex: 22    Spells: 11/11 levels left

rFire   . .          .
                       - Unarmed
rCold   + + .        (shield currently unavailable)
rNeg    . . .        F - melded +2 plate armour of Macaroni {rPois Regen+ Int-5 Dex+8}
rPois   .            (helmet currently unavailable)
rElec   .            (cloak currently unavailable)
rCorr   .            (gloves currently unavailable)
SInv    .            (boots currently unavailable)
Will    +....        u - amulet of the Seeker {rC+ Regen+ Dex+5}
Stlth   +            e - +5 ring of evasion
HPRegen 1.21/turn    E - ring of Kusyelad {rC+ Str+6}
MPRegen 0.13/turn

%: no passive effects
@: mighty, snake-form, glowing, studying Fighting
A: constrict, boosted hp, large, sense surroundings 2, hated by all, no hexes
magic, no ice magic, no translocations magic, otherworldly, glowing, explore
regen
a: Begin Untransformation, Renounce Religion


You were in an ice cave.
You worshipped Ru.
Ru was pleased with you.
You were an enormous anaconda.
You visited 2 branches of the dungeon, and saw 12 of its levels.
You also visited: Bailey and Ice Cave.

You collected 507 gold pieces.

Inventory:

Armour
 k - a +0 helmet
 p - a +1 pair of boots
 w - a +0 pair of gloves
 z - a +0 kite shield
 C - a +2 chain mail of fire resistance
 D - the +5 plate armour of Duck's Teeth {rN++ Int+2}
   (You found it in a bailey)

   Int+2:     It affects your intelligence (+2).
   rN++:      It greatly protects you from negative energy.
 F - the +2 plate armour of Macaroni (melded) {rPois Regen+ Int-5 Dex+8}
   (You found it in a bailey)

   Int-5:     It affects your intelligence (-5).
   Dex+8:     It affects your dexterity (+8).
   rPois:     It protects you from poison Regen+: It increases your rate of
   health regeneration.
 G - the +1 cloak of Starlight {*Dazzle EV+4 Stlth--}
   (You found it in a bailey)

   *Dazzle:   It may blind those who miss an attack against the wearer in melee
   combat.
   EV+4:      It affects your evasion (+4).
   Stlth--:   It makes you much less stealthy.
 K - a +0 pair of boots
Jewellery
 e - a +5 ring of evasion (left hand)
 l - a ring of protection from cold
 u - the amulet of the Seeker (around neck) {rC+ Regen+ Dex+5}
   (You found it on level 5 of the Dungeon)

   [amulet of regeneration]

   Dex+5:     It affects your dexterity (+5).
   rC+:       It protects you from cold.
   Regen+:    It increases your rate of health regeneration.
 B - an amulet of magic regeneration
 E - the ring of Kusyelad (right hand) {rC+ Str+6}
   (You found it in a bailey)

   [ring of protection from cold]

   Str+6:     It affects your strength (+6).
   rC+:       It protects you from cold.
 I - an amulet of the acrobat
Talismans
 a - a serpent talisman (active)
 c - a beast talisman
 d - a flux talisman
Wands
 f - a wand of mindburst (7)
 g - a wand of paralysis (14)
 i - a wand of light (17)
 A - a wand of flame (30)
Scrolls
 t - a scroll of amnesia
 y - a scroll of blinking
 H - a scroll of teleportation
 J - a scroll of revelation
 L - a scroll of enchant armour
 M - 4 scrolls of fog
Potions
 b - 2 potions of lignification
 h - 3 potions of curing
 j - a potion of brilliance
 m - 2 potions of enlightenment
 n - a potion of might
 o - 3 potions of haste
 q - a potion of heal wounds
 r - 2 potions of ambrosia
 s - 2 potions of cancellation
 v - 4 potions of attraction
 x - a potion of magic


   Skills:
 + Level 9.7 Fighting
 + Level 7.1 Dodging
 * Level 15.9 Unarmed Combat
 + Level 10.2 Shapeshifting


You had 11 spell levels left.
You didn't know any spells.
Your spell library contained the following spells:

 Spells                   Type           Power      Damage    Failure   Level
 Magic Dart               Conj           0%         1d3       36%         1
 Searing Ray              Conj           0%         2d4       50%         2
 Wereblood                Tmut           0%         N/A       50%         2
 Irradiate                Conj/Tmut      0%         3d11      100%        5
 Ozocubu's Armour         Ice            Unusable   N/A       N/A         3
 Fulminant Prism          Conj/Hex       Unusable   3d5       N/A         4
 Ozocubu's Refrigeration  Ice            Unusable   4d7       N/A         7

Dungeon Overview and Level Annotations

Branches:
Dungeon (11/15) Zot: 2310  Temple (1/1) D:5 Zot: 579    Lair (0/5) D:11
 Bailey (visited)           IceCv (1/1) Zot: 401
    Orc: D:9-12

Altars:
Ashenzari
Cheibriados
Dithmenos
Elyvilon
Gozag
Makhleb
Nemelex Xobeh
Okawaru
Qazlal
Ru
Sif Muna
Trog
Uskayaw
Vehumet
Wu Jian
Xom
Zin
The Shining One

Annotations:
D:3 1 runed translucent door
D:4 3 runed translucent doors, Shayle's ghost, novice OgSh IceCv exclusion: ice statue


Innate Abilities, Weirdness & Mutations

You are an enormous anaconda.
You have a powerful constriction melee attack.
Your maximum health is increased.
Your armour is entirely melded.
You are incapable of wielding weapons or throwing items.
You passively map the area around you.
You are hated by all.
You cannot study or cast Hexes magic.
You cannot study or cast Ice magic.
You cannot study or cast Translocations magic.
You are easily found by Zot.
You glow in the dark.
You regain HP and MP as you explore.


Message History

Unknown command.
You lash the large slime creature!
The large slime creature is lightly wounded.
Unknown command.
Unknown command.
Unknown command.
You body-slam the large slime creature!!
The large slime creature is moderately wounded.
Two slime creatures merge to form a very large slime creature.
The slime creature hits you but does no damage.
The slime creature misses you.
Two slime creatures merge to form an enormous slime creature.
Unknown command.
Unknown command.
You lash the enormous slime creature!
The enormous slime creature is lightly wounded.
The slime creature hits you!
* * * LOW HITPOINT WARNING * * *
The slime creature hits you!
* * * LOW HITPOINT WARNING * * *
Unknown command.
Unknown command.
Unknown command.
Unknown command.
You body-slam the enormous slime creature!!
The enormous slime creature is moderately wounded.
The enormous slime creature misses you. The slime creature hits you!
* * * LOW HITPOINT WARNING * * *
The slime creature misses you.
Unknown command.
Unknown command.
You completely miss the enormous slime creature.
The enormous slime creature is moderately wounded.
Unknown command.
Unknown command.
Unknown command.
You body-slam the enormous slime creature!!
The enormous slime creature is moderately wounded.
The slime creature misses you. The enormous slime creature hits you!!
You die...

#.....## #.....
##......# ##.....
#.......# #......
##...#...## #....#.
#...###...###...##.
#...# #....##..####
#..## #....##..# #
#..# ##...##..##
#.S#,, #...##...#
#JJJZ..##..##...##
#......##..##....#
#......##..####..##
#......##..# #...#
##..##.##..# ##..#
#.## .##..## #..#
###* ###..# ##..#
*, * #..###..##


You could see an enormous slime creature, 2 slime creatures and a slime creature
simulacrum.

Vanquished Creatures
  2 quicksilver oozes (IceCv)
  Erica (D:8)
  A cyclops (D:11)
  An ugly thing (D:11)
  A deep elf pyromancer (D:11)
  8 slime creatures (IceCv)
  Maurice (D:8)
  An ice statue (IceCv)
  A gargoyle (Bailey)
  Prince Ribbit (D:8)
  6 yaks
  A vampire (Bailey)
  2 steam dragons
  An orc warrior (D:5)
  An ice beast (D:8)
  4 ogres
  A black bear (D:7)
  A great orb of eyes simulacrum (IceCv)
  3 centaurs
  3 phantoms
  3 slime creature simulacra (IceCv)
  4 kobold brigands
  3 bullfrogs
  A scorpion (D:7)
  A glowing shapeshifter simulacrum (IceCv)
  A water moccasin zombie (D:4)
  20 wights
  8 vampire bats (Bailey)
  A howler monkey (D:7)
  2 electric eels
  3 wolf zombies (Bailey)
  4 jellies
  A hound (D:7)
  An orc priest (D:7)
  2 gnoll boudas
  4 iguanas
  4 orc wizards
  2 shapeshifter simulacra (IceCv)
  A hound zombie (D:4)
  A boggart simulacrum (D:10)
  Robin (D:2)
  6 gnolls
  8 adders
  A shadow imp (D:7)
  14 white imps
  An ufetubus (D:3)
  A worm (D:3)
  2 dart slugs
  10 orcs
  2 ball pythons
  4 endoplasms
  9 goblins
  9 hobgoblins
  3 jackals (D:3)
  A quokka (D:1)
  2 frilled lizards
  18 kobolds
  20 orc zombies (Bailey)
  2 rats (D:2)
222 creatures vanquished.

Notes
Turn   | Place    | Note
-------+----------+-------------------------------------------
     0 | D:1      | lunkers the Meteoran Shapeshifter began the quest for the
                  | Orb.
     0 | D:1      | Reached XP level 1. HP: 16/16 MP: 2/2
   176 | D:1      | Found a faded altar of an unknown god.
   315 | D:1      | Reached XP level 2. HP: 23/23 MP: 3/3
   337 | D:1      | Reached skill level 4 in Unarmed Combat
   591 | D:2      | Noticed Robin
   594 | D:2      | Reached XP level 3. HP: 24/28 MP: 4/4
   625 | D:2      | Killed Robin
   626 | D:2      | Reached XP level 4. HP: 34/35 MP: 5/5
   726 | D:2      | Reached skill level 5 in Unarmed Combat
   970 | D:3      | Found a runed translucent door.
  1017 | D:3      | Found a white marble altar of Elyvilon.
  1036 | D:3      | Reached XP level 5. HP: 40/40 MP: 6/6
  1067 | D:4      | Found a runed translucent gate.
  1067 | D:4      | Found a runed translucent gate.
  1067 | D:4      | Found a runed translucent gate.
  1067 | D:4      | Noticed Shayle's ghost (novice OgSh)
  1070 | D:4      | Found a basalt altar of Yredelemnul.
  1080 | D:4      | Reached skill level 6 in Unarmed Combat
  1103 | D:4      | Reached XP level 6. HP: 41/47 MP: 7/7
  1218 | D:4      | Reached skill level 5 in Shapeshifting
  1224 | D:4      | Reached skill level 7 in Unarmed Combat
  1268 | D:4      | Reached XP level 7. HP: 46/52 MP: 8/8
  1399 | D:4      | Reached skill level 8 in Unarmed Combat
  1475 | D:5      | Entered Level 5 of the Dungeon
  1550 | D:5      | Reached XP level 8. HP: 55/59 MP: 9/9
  1573 | D:5      | Reached skill level 9 in Unarmed Combat
  1593 | D:5      | Found a staircase to the Ecumenical Temple.
  1617 | Temple   | Entered the Ecumenical Temple
  1627 | Temple   | Became a worshipper of Ru the Awakened
  1766 | D:5      | Identified the amulet of the Seeker {rC+ Regen+ Dex+5}
  1866 | D:5      | Identified a scroll of acquirement
  1866 | D:5      | Acquired a manual of Fighting
  1933 | D:5      | Reached skill level 10 in Unarmed Combat
  2003 | D:6      | Gained mutation: You passively map the area around you.
                  | [Meteoran growth]
  2003 | D:6      | Reached XP level 9. HP: 29/64 MP: 10/10
  2085 | D:6      | Found a blossoming altar of Fedhas.
  2298 | D:7      | Reached skill level 11 in Unarmed Combat
  2474 | D:7      | Found an iron altar of Okawaru.
  2650 | D:7      | Reached skill level 12 in Unarmed Combat
  2768 | D:7      | Gained mutation: You cannot study or cast Ice magic. [Ru
                  | sacrifice]
  2768 | D:7      | Gained mutation: You cannot study or cast Hexes magic. [Ru
                  | sacrifice]
  2768 | D:7      | Gained mutation: You cannot study or cast Translocations
                  | magic. [Ru sacrifice]
  2768 | D:7      | Reached * piety under Ru
  2827 | D:8      | Found a flagged portal.
  2850 | Bailey   | Entered a bailey
  2886 | Bailey   | Reached XP level 10. HP: 62/71 MP: 11/11
  2898 | Bailey   | Noticed a gargoyle
  2924 | Bailey   | Killed a gargoyle
  2994 | Bailey   | Found the +1 cloak of Starlight {*Dazzle EV+4 Stlth--}
  3005 | Bailey   | Identified the +5 plate armour of Duck's Teeth {rN++ Int+2}
  3007 | Bailey   | Identified the staff of Moral Flaws {rC- Str+3 Dex+3 Earth}
  3013 | Bailey   | Identified the ring of Kusyelad {rC+ Str+6}
  3016 | Bailey   | Identified the +2 plate armour of Macaroni {rPois Regen+
                  | Int-5 Dex+8}
  3094 | Bailey   | Reached skill level 13 in Unarmed Combat
  3390 | D:8      | Reached skill level 5 in Fighting
  3444 | D:8      | Found a sparkling altar of Nemelex Xobeh.
  3493 | D:8      | Noticed Erica
  3501 | D:8      | Killed Erica
  3560 | D:8      | Noticed Prince Ribbit
  3562 | D:8      | Noticed Maurice
  3572 | D:8      | Killed Maurice
  3573 | D:8      | Killed Prince Ribbit
  3574 | D:8      | Reached XP level 11. HP: 85/89 MP: 12/12
  3672 | D:8      | Found a glowing silver altar of Zin.
  3672 | D:8      | Found a broken altar of Ashenzari.
  3864 | D:9      | Reached skill level 14 in Unarmed Combat
  3979 | D:9      | Reached skill level 5 in Dodging
  4037 | D:9      | Gained mutation: You are hated by all. [Ru sacrifice]
  4037 | D:9      | Reached ** piety under Ru
  4160 | D:10     | Entered Level 10 of the Dungeon
  4546 | D:10     | Identified the +8 sling of Reinforcement {drain, Will+
                  | rCorr Dex+2}
  4692 | D:11     | Noticed a cyclops
  4692 | D:11     | Found a staircase to the Lair.
  4693 | D:11     | Noticed a fire crab
  4696 | D:11     | Killed a cyclops
  4734 | D:11     | Found a frozen archway.
  4734 | D:11     | Noticed a green ugly thing
  4743 | D:11     | Killed a green ugly thing
  4747 | D:11     | Noticed a deep elf pyromancer
  4755 | D:11     | Killed a deep elf pyromancer
  4756 | D:11     | Reached skill level 15 in Unarmed Combat
  4763 | IceCv    | Entered an ice cave
  4810 | IceCv    | Noticed an ice statue
  4840 | IceCv    | Noticed a quicksilver ooze
  4842 | IceCv    | Noticed an ice statue
  4845 | IceCv    | Killed a quicksilver ooze
  4846 | IceCv    | Reached XP level 12. HP: 103/103 MP: 0/13
  4887 | IceCv    | Reached skill level 10 in Shapeshifting
  4922 | IceCv    | Noticed a quicksilver ooze
  4935 | IceCv    | Killed a quicksilver ooze
  4980 | IceCv    | Mangled by an enormous slime creature

Illustrated notes

Levels and vault maps discovered:
D:1:      evilmike_arrival_grusome_pit, layout_loops_ring,
          basic_ecumenical_altar, lemuel_flame_loot_1
D:2:      layout_loops_corners, serial_co_window_serial,
          co_window_of_opportunity_a, co_window_corner_a,
          co_window_of_opportunity_a, co_window_paths_a, co_window_paths_a,
          co_window_paths_b, co_window_2corner, co_window_paths_c,
          co_window_corner_ca, co_window_4corner_b, co_window_paths_d,
          st_stairs_11, minmay_tetromino_o2, uniq_robin
D:3:      layout_loops_ring, mainiacjoe_overflow_paths,
          ebering_ghost_reflecting_pool
D:4:      layout_basic, nicolae_yredelemnul_ghost_church
D:5:      layout_basic, minmay_temple_entry_gardened_gates
D:6:      layout_rooms, fedhas_altar_fruit_tree, chequers_big_river,
          kennysheep_generic_room_15
D:7:      layout_loops_ring, okawaru_trees_1, hangedman_glass_teeth,
          minmay_starry_boxes, uniq_maggie, uniq_menkaure
D:8:      layout_loops_cross, nemelex_diamond_rough_becter,
          nicolae_overflow_two_pavilions, enter_bailey_6, uniq_erica,
          uniq_prince_ribbit1, uniq_maurice
D:9:      layout_grid_maze, mainiacjoe_overflow_surrounded_room
D:10:     layout_roguey
D:11:     layout_basic, minmay_lair_entry_lava, portal_ice_cave_entry_imps,
          minivault_27, minmay_pinched_square, uniq_grum, uniq_amaemon
Temple:   nicolae_temple_great_sept
IceCv:    ice_cave_hellmonk_azure_passage

Skill      XL: |  1  2  3  4  5  6  7  8  9 10 11 12 |
---------------+-------------------------------------+-----
Unarmed Combat | 4 5 6 7 8 10 12 13 15 | 15.9
Shapeshifting  | 4 5 6 8 9 10 | 10.2
Fighting       | 6 8 9 |  9.7
Dodging        | 4 6 7 |  7.1

Action                     |  1- 3 |  4- 6 |  7- 9 | 10-12 || total
---------------------------+-------+-------+-------+-------++-------
  Melee: Unarmed           |    48 |   101 |   180 |   314 ||   643
         Punch             |     2 |     7 |    11 |    28 ||    48
         Constrict         |       |       |       |    11 ||    11
 Invoke: Sacrifice Arcana  |       |       |     1 |       ||     1
         Sacrifice Love    |       |       |       |     1 ||     1
  Evoke: Wand              |       |       |     3 |       ||     3
    Use: Scroll            |       |     5 |    10 |     8 ||    23
         Potion            |       |       |       |     2 ||     2
   Stab: Paralysed         |       |       |     4 |       ||     4
         Invisible         |       |       |       |     2 ||     2
 Armour: Ring mail         |     7 |    11 |    19 |     2 ||    39
         Plate armour      |       |       |       |    64 ||    64
         Chain mail        |       |       |       |     1 ||     1
         Skin              |       |       |       |    35 ||    35
  Dodge: Dodged            |    22 |    71 |   118 |   189 ||   400
   Form: Anaconda          |       |       |       |     1 ||     1

Table legend: (Time is in decaauts)
 A = Elapsed time spent in this place.
 B = Non-inter-level travel time spent in this place.
 C = Inter-level travel time spent in this place.
 D = Time resting spent in this place.
 E = Time spent auto-exploring this place.
 F = Levels seen in this place.
 G = Mean time per level.
                   A        B        C        D        E       F      G
               +--------+--------+--------+--------+--------+-----+--------+
         Total |   4856 |   4715 |    141 |     19 |   2576 |  14 |  346.9 |
       Dungeon |   4289 |   4167 |    122 |      0 |   2523 |  11 |  389.9 |
        Temple |     20 |      1 |     19 |      0 |      0 |   1 |   20.0 |
        Bailey |    348 |    348 |      0 |      0 |     16 |   1 |  348.0 |
      Ice Cave |    197 |    197 |      0 |     19 |     37 |   1 |  197.0 |
               +--------+--------+--------+--------+--------+-----+--------+

Top non-repeatable levels by time:
     D:8: 657 daAuts
    D:10: 524 daAuts
     D:7: 478 daAuts
     D:1: 452 daAuts
     D:5: 449 daAuts
     D:4: 399 daAuts
  Bailey: 348 daAuts
     D:2: 333 daAuts
     D:9: 330 daAuts
     D:6: 330 daAuts
     D:3: 268 daAuts
   IceCv: 197 daAuts
    D:11: 64 daAuts
  Temple: 20 daAuts
